 Seeded DCSS version 0.31-a0-435-g2c6fae2916 (webtiles) character file.

Game seed: 6733148913236269867 (custom seed)

21 innerfire43 the Trooper (level 2, -4/24 HPs)
             Began as a Demonspawn Monk on Aug 1, 2023.
             Engulfed by a cloud of flame (14 damage)
             ... on level 1 of the Dungeon.
             The game lasted 00:00:13 (216 turns).

innerfire43 the Trooper (Demonspawn Monk)            Turns: 216, Time: 00:00:15

Health: -4/24      AC:  2    Str: 11    XL:     2   Next: 62%
Magic:  2/2        EV: 13    Int: 11    God:
Gold:   28         SH:  0    Dex: 15    Spells: 1/1 levels left

rFire   . . .        a - +0 hand axe
rCold   . . .        d - orb {light}
rNeg    . . .        b - +0 robe
rPois   .            (no helmet)
rElec   .            (no cloak)
rCorr   .            (no gloves)
SInv    .            (no boots)
Will    .....        (no amulet)
Stlth   +            (no ring)
HPRegen 0.24/turn    (no ring)
MPRegen 0.08/turn

%: no passive effects
@: glowing
A: spiny 1
a: no special abilities


You were on level 1 of the Dungeon.
You visited 1 branch of the dungeon, and saw 1 of its levels.

You collected 28 gold pieces.

Inventory:

Hand Weapons
 a - a +0 hand axe (weapon)
Armour
 b - a +0 robe (worn)
 d - an orb of light (worn)
Potions
 c - a potion of ambrosia
 f - a potion of berserk rage {unknown}


   Skills:
 + Level 3.3 Fighting
 + Level 3.0 Axes
 + Level 3.0 Dodging


You had one spell level left.
You didn't know any spells.
Your spell library was empty.

Dungeon Overview and Level Annotations

Branches:
Dungeon (1/15)

Altars:


Innate Abilities, Weirdness & Mutations

You are partially covered in sharp spines.


Message History

No target in view!
You now have 28 gold pieces (gained 10).
f - a murky coppery potion No target in view!
A hobgoblin comes into view.
Found a stone staircase leading down.
The hobgoblin shouts!
The hobgoblin moves out of view.
No target in view!
A bat comes into view.
The bat moves out of view.
The bat is struck by your spines. The bat misses you.
There are monsters nearby!
You hit the bat.
You kill the bat!
You barely miss the hobgoblin. The hobgoblin is struck by your spines.
The hobgoblin hits you.
A hobgoblin is nearby!
You hit the hobgoblin but do no damage.
The hobgoblin is severely wounded.
The hobgoblin barely misses you. x2
A hobgoblin is nearby!
You hit the hobgoblin.
You kill the hobgoblin!
A bat comes into view.
The bat hits you but does no damage.
A bat is nearby!
As you read the scroll labelled ETEFOCR INKUOL, it crumbles to dust.
The creatures around you are filled with an inner flame!
It was a scroll of immolation.
The bat completely misses you. The bat barely misses you.
A bat is nearby!
A bat is nearby!
You hit the bat.
The bat explodes!
The fiery explosion engulfs you!
Ouch! That really hurt!
You are engulfed in blazing flames.
Ouch! That really hurt!
You die...

...####.....#
......#...#.##
..............#
........†..#..#
#..#####...#..### ....
#........##
#..##.........##
#..########...#####
####.§@####..††......#
#...§§§..............#
#...§.§..............#
######..............>#
#...............#
#.....###########
+.##### ###


There were no monsters in sight!

Vanquished Creatures
  A dart slug (D:1)
  A ball python (D:1)
  5 bats (D:1)
  2 endoplasms (D:1)
  4 hobgoblins (D:1)
  A quokka (D:1)
  A frilled lizard (D:1)
  A goblin (D:1)
  A rat (D:1)
17 creatures vanquished.

Notes
Turn   | Place    | Note
-------+----------+-------------------------------------------
     0 | D:1      | innerfire43 the Demonspawn Monk began the quest for the
                  | Orb.
     0 | D:1      | Reached XP level 1. HP: 18/18 MP: 1/1
    85 | D:1      | Gained mutation: You are partially covered in sharp spines.
                  | [demonic ancestry]
    85 | D:1      | Reached XP level 2. HP: 13/24 MP: 2/2
   216 | D:1      | Engulfed by a cloud of flame

Illustrated notes

Levels and vault maps discovered:
D:1:      dpeg_arrival_prison, layout_rooms, chequers_arboretum

Skill      XL: |  1  2 |
---------------+-------+-----
Dodging        | 3 |  3.0
Axes           | 3 |  3.0
Fighting       | |  3.3

Action                     || total
---------------------------++-------
  Melee: Hand axe          ||    21
    Use: Scroll            ||     2
 Armour: Robe              ||     6
  Dodge: Dodged            ||    20

Table legend: (Time is in decaauts)
 A = Elapsed time spent in this place.
 B = Non-inter-level travel time spent in this place.
 C = Inter-level travel time spent in this place.
 D = Time resting spent in this place.
 E = Time spent auto-exploring this place.
 F = Levels seen in this place.
 G = Mean time per level.
                   A        B        C        D        E       F      G
               +--------+--------+--------+--------+--------+-----+--------+
         Total |    219 |    219 |      0 |      0 |    167 |   1 |  219.0 |
       Dungeon |    219 |    219 |      0 |      0 |    167 |   1 |  219.0 |
               +--------+--------+--------+--------+--------+-----+--------+

Top non-repeatable levels by time:
     D:1: 219 daAuts
